 Dungeon Crawl Stone Soup version 0.21-a0-178-g0b87683 (webtiles) character file.

247860 topgun the Brawler (level 19, 0/309 HPs)
             Began as a Troll Monk on Aug 7, 2017.
             Was the Champion of Okawaru.
             Succumbed to a ghost moth's poison
             ... on level 4 of the Spider Nest on Aug 9, 2017.
             The game lasted 01:32:47 (31873 turns).

topgun the Brawler (Troll Monk)                    Turns: 31873, Time: 01:32:47

Health: 0/309      AC: 17    Str: 28    XL:     19   Next: 56%
Magic:  0/25       EV:  1    Int:  8    God:    Okawaru [******]
Gold:   1919       SH: 20    Dex: 23    Spells: 12/18 levels left

rFire    + . .     SeeInvis .     - Unarmed
rCold    + . .     Gourm    +   w - +0 large shield {rC+ rF+}
rNeg     + + +     Faith    +   (armour currently unavailable)
rPois    +         Spirit   .   (helmet currently unavailable)
rElec    +         Reflect  .   (cloak currently unavailable)
rCorr    .         Harm     .   (gloves unavailable)
MR       ++...     NoTele   +   (boots unavailable)
Stlth    ++........             n - amulet of faith
HPRegen  1.01/turn              J - +2 ring of slaying
MPRegen  0.19/turn              N - ring of Ynkerudd {rElec Str+4 Int+2 Dex+5}

@: lethally poisoned (0 -> -30), tree-form, corroded, very slightly contaminated
A: unfitting armour, fast metabolism 3, gourmand, magic resistance 1,
regeneration 1
a: Heroism, Finesse, Renounce Religion


You were on level 4 of the Spider Nest.
You worshipped Okawaru.
Okawaru was exalted by your worship.
You were very full.
You were a tree.
You visited 6 branches of the dungeon, and saw 30 of its levels.
You also visited: Labyrinth and Ice Cave.

You collected 3418 gold pieces.
You spent 1499 gold pieces at shops.

Inventory:

Missiles
 S - 45 large rocks (quivered)
Armour
 w - a +0 large shield of resistance (worn)
 y - the +2 cloak of Gallantry (melded) {rF++ rC+ Str+3}
   (You found it on level 5 of the Lair of Beasts)

   It affects your strength (+3).
   It greatly protects you from fire.
   It protects you from cold.
 F - +6 ice dragon scales (melded)
 V - the +3 crown of Dyrovepreva (melded) {rElec Int+2 SInv}
   (You found it in a labyrinth)

   It affects your intelligence (+2).
   It insulates you from electricity.
   It lets you see invisible.
Jewellery
 n - an amulet of faith (around neck)
 C - an uncursed ring of protection from magic
 I - a cursed ring of teleportation
 J - a +2 ring of slaying (left branch)
 N - the ring of Ynkerudd (right branch) {rElec Str+4 Int+2 Dex+5}
   (You took it off a tengu warrior on level 2 of the Depths)

   [ring of dexterity]

   It affects your strength (+4).
   It affects your intelligence (+2).
   It affects your dexterity (+5).
   It insulates you from electricity.
 T - an uncursed ring of protection from magic
Wands
 a - a wand of lightning (6/15)
 h - a wand of flame (28/48)
 i - a wand of iceblast (8/15)
 j - a wand of digging (14/24)
 s - a wand of iceblast (8/15)
 x - a wand of clouds (5/9)
 B - a wand of flame (12/48)
 D - a wand of acid (5/15)
 Q - a wand of paralysis (2/24)
 R - a wand of iceblast (7/15)
 W - a wand of disintegration (14/24)
 X - a wand of flame (12/48)
Scrolls
 f - 10 scrolls of remove curse
 t - 6 scrolls of recharging
 A - 12 scrolls of teleportation
 M - 3 scrolls of fog
 O - 3 scrolls of magic mapping
 U - 2 scrolls of identify
Potions
 c - a potion of lignification
 d - a potion of resistance
 e - 2 potions of ambrosia
 k - 5 potions of haste
 l - a potion of invisibility
 o - 8 potions of agility
 r - 7 potions of flight
 u - a potion of brilliance
 E - a potion of might
 H - 2 potions of magic
 Z - a potion of berserk rage
Miscellaneous
 L - a lamp of fire
 Y - a fan of gales (inert)
Comestibles
 b - 8 bread rations
 m - 7 meat rations
 p - 30 royal jellies
 G - 9 fruits


   Skills:
 + Level 16.9 Fighting
 - Level 8.3 Throwing
 - Level 11.2 Armour
 - Level 8.2 Dodging
 - Level 1.0 Stealth
 - Level 10.6 Shields
 + Level 17.2 Unarmed Combat
 - Level 4.5 Invocations
 - Level 10.2 Evocations


You had 12 spell levels left.
You knew the following spells:

 Your Spells              Type           Power        Failure   Level  Hunger
a - Apportation           Tloc           #.....       73%         1    ##.....
b - Static Discharge      Conj/Air       #.......     97%         3    ####...
c - Swiftness             Chrm/Air       #.......     86%         2    ###....


Dungeon Overview and Level Annotations

Branches:
Dungeon (15/15)            Temple (1/1) D:5            Lair (6/6) D:10
  Swamp (0/4) Lair:3       Spider (4/4) Lair:3        Slime (0/5) Lair:6
    Orc (2/2) D:10            Elf (0/3) Orc:2        Vaults (0/5) D:14
 Depths (2/5) D:15

Altars:
Ashenzari
Cheibriados
Dithmenos
Elyvilon
Fedhas
Gozag
Makhleb
Okawaru
Qazlal
Ru
Sif Muna
Trog
Uskayaw
Wu Jian
Xom
Yredelemnul
Zin
The Shining One
Jiyva

Shops:
D:6 :   D:7 }   D:10 *   D:14 *   Orc:2 ?!*[*

Portals:
Hell: Depths:1 Depths:2
Abyss: Depths:2
Pandemonium: Depths:2

Annotations:
D:14 exclusion: Roxanne, Roxanne
Lair:5 exclusion: 3 oklob plants
Depths:2 exclusion: ice statue


Innate Abilities, Weirdness & Mutations

You are too large for most types of armour.
((You have claws for hands.))
Your metabolism is lightning-fast.
You like to eat raw meat.
Your natural rate of healing is unusually fast.
((You are covered in fur. (AC +1)))
((You have very tough skin. (AC +2)))
((You are partially covered in iridescent scales. (AC +2)))
You are resistant to hostile enchantments. (MR+)


Message History

Your roots penetrate the ground.
You feel like a meek peon again.
* * * LOW HITPOINT WARNING * * *
You feel extremely sick.
* * * LOW HITPOINT WARNING * * *
You feel extremely sick.
* * * LOW HITPOINT WARNING * * *
You feel very sick.
* * * LOW HITPOINT WARNING * * *
You feel very sick.
* * * LOW HITPOINT WARNING * * *
You feel very sick.
There is a lethal amount of poison in your body!
* * * LOW HITPOINT WARNING * * *
You feel very sick.
You feel you are being watched by something.
You feel your power leaking away.
* * * LOW HITPOINT WARNING * * *
You feel very sick.
You die...

. ##...........##
..#...#....^#^..#
.....###...###.....#
......#.....#....[.#
.......^............#
.............^.......#
#....#.......#....#^.#
#...###.....###...#..#
##...#..♣....#...## .#
#..^............#
#...#.......#...## #
...###.....###...# .#
#....#...^.^%#.^..#..#
^......^..............#
.....................#
...^.)#..(..#...^...#
####
#...###...###.^.#..#


There were no monsters in sight!

Vanquished Creatures
  Mara (Depths:1)
  2 golden dragons (Depths:2)
  Arachne (Spider:4)
  Asterion (Depths:2)
  A quicksilver dragon (Depths:2)
  Gastronok (D:10)
  2 shadow dragons (Depths:2)
  A storm dragon (Depths:2)
  5 ghost moths
  3 fire giants (Depths:2)
  Aizul (Spider:2)
  A balrug (Depths:2)
  An emperor scorpion (Spider:4)
  A war gargoyle (Depths:2)
  A reaper (Depths:2)
  6 stone giants
  2 vampire knights
  6 entropy weavers
  A white draconian (IceCv)
  A deep elf demonologist (Depths:2)
  Nessos (Lair:5)
  5 spark wasps
  A minotaur (Lab)
  A blizzard demon (Depths:2)
  3 ettins
  3 fire dragons
  4 deep elf high priests (Depths:2)
  A yaktaur captain (Depths:2)
  A great orb of eyes (Depths:1)
  A rakshasa (Depths:1)
  9 hydras
  4 ice dragons
  7 centaur warriors
  2 spriggan air magi (Depths:2)
  A vault guard (D:14)
  The ghost of Tungsten the Slinger, a journeyman HaHu of Uskayaw (D:10)
  A death knight (D:14)
  3 deep troll earth magi (Depths:2)
  4 ogre magi
  7 deep troll shamans
  16 death yaks
  A queen ant (Lair:5)
  15 tengu warriors
  5 orc high priests (Orc:2)
  2 vampire magi (Depths:2)
  16 two-headed ogres
  3 spriggan berserkers (Depths:2)
  Nergalle (D:10)
  5 iron trolls
  3 soul eaters (Depths:2)
  Sonja (D:13)
  A small abomination (Depths:2)
  3 sun demons (Depths:2)
  11 skeletal warriors
  A quicksilver dragon simulacrum (Depths:2)
  3 glowing orange brains (Depths:2)
  A wizard (Depths:2)
  7 deep trolls
  2 unseen horrors
  11 orc knights
  22 wolf spiders
  14 orb spiders
  12 ugly things
  4 manticores
  3 cyclopes
  An orc sorcerer (Orc:2)
  3 deep elf magi
  A moth of wrath (Spider:3)
  An elephant (Lair:3)
  8 rust devils (Depths:2)
  Joseph (D:7)
  Maurice (D:12)
  7 black mambas
  An ice statue (IceCv)
  5 torpor snails
  2 gargoyles
  3 rime drakes
  15 demonic crawlers
  24 spiny frogs
  6 komodo dragons
  3 kobold demonologists
  4 freezing wraiths
  12 yaktaurs
  2 efreet (Depths:2)
  2 ice devils (Depths:2)
  25 jumping spiders
  2 red devils (Depths:2)
  6 meliai
  A tengu conjurer (D:13)
  5 tyrant leeches (Lair:6)
  19 polar bears
  11 trolls
  A harpy skeleton (D:15)
  27 blink frogs
  9 hornets
  20 slime creatures
  13 dream sheep
  17 hippogriffs
  A meliai zombie (D:12)
  A hippogriff (shapeshifter) (Depths:2)
  A flying skull (Depths:2)
  63 redbacks
  4 shadows
  6 wraiths
  2 air elementals (Depths:2)
  39 tarantellas
  5 wyverns
  64 yaks
  19 vampire mosquitoes
  Grum (D:10)
  6 basilisks
  3 hungry ghosts
  A steam dragon (D:9)
  Edmund (D:4)
  10 water moccasins
  3 wargs
  27 soldier ants
  10 porcupines
  Duvessa (D:5)
  3 hell hounds (Depths:2)
  A floating eye (Depths:2)
  2 ettin simulacra (Depths:2)
  42 orc warriors
  A necrophage (D:9)
  4 sky beasts
  A black bear (Lair:1)
  15 ogres
  A phantom (D:11)
  An eye of draining (D:15)
  An ice beast (D:9)
  2 eyes of draining (shapeshifter)
  35 wolves
  16 centaurs
  9 boggarts
  12 crocodiles
  A big kobold (D:8)
  29 bullfrogs
  A gnoll sergeant (D:9)
  A wyvern zombie (D:12)
  Dowan (D:5)
  A wyvern skeleton (D:11)
  7 scorpions
  19 killer bees
  7 wights
  4 howler monkeys
  2 electric eels
  4 centaur zombies
  A bullfrog zombie (D:6)
  11 crimson imps
  A quasit (D:10)
  19 orc wizards
  A jelly (D:9)
  29 orc priests
  8 hounds
  A bullfrog skeleton (D:13)
  2 centaur skeletons
  30 worker ants
  8 adders
  3 gnolls (D:9)
  6 shadow imps
  12 white imps (Lair:3)
  An ooze (D:3)
  An adder zombie (D:6)
  2 worms
  2 dart slugs (D:1)
  3 leopard geckos
  100 orcs
  9 giant cockroaches
  8 goblins
  9 hobgoblins
  11 jackals
  A quokka (D:8)
  A ball python (D:6)
  6 bats
  4 frilled lizards
  19 kobolds
  2 leopard gecko skeletons
  A quokka skeleton (D:5)
  A quokka zombie (D:6)
  7 rats
  2 crawling corpses (Depths:2)
  4 plants (Lair:6)
1337 creatures vanquished.

Vanquished Creatures (collateral kills)
  An emperor scorpion (Spider:4)
  A demonic crawler (Spider:1)
  A red devil (Depths:2)
  A polar bear (Lair:6)
  2 tarantellas
6 creatures vanquished.

Vanquished Creatures (others)
  A quicksilver dragon simulacrum (Depths:2)
  A yaktaur (Depths:2)
  An ettin simulacrum (Depths:2)
  A shadow imp (D:12)
  An orc (Orc:2)
  15 fungi
  33 plants
53 creatures vanquished.

Grand Total: 1396 creatures vanquished

Notes
Turn   | Place    | Note
-------+----------+-------------------------------------------
     0 | D:1      | topgun the Troll Monk began the quest for the Orb.
     0 | D:1      | Reached XP level 1. HP: 22/22 MP: 0/0
    63 | D:1      | Reached XP level 2. HP: 29/29 MP: 1/1
   619 | D:1      | Reached XP level 3. HP: 36/36 MP: 2/2
   621 | D:1      | Reached skill level 4 in Unarmed Combat
  1504 | D:3      | Noticed an earth elemental
  1507 | D:3      | Found a stormy altar of Qazlal.
  1533 | D:3      | Reached XP level 4. HP: 37/44 MP: 3/3
  1566 | D:3      | Noticed an air elemental
  1571 | D:3      | Noticed a water elemental
  1571 | D:3      | Noticed a fire elemental
  1969 | D:4      | Noticed Edmund
  1983 | D:4      | Gained mutation: You are resistant to hostile enchantments. (MR+) [potion of mutation]
  1983 | D:4      | Gained mutation: You expend magic power (3 MP) to strengthen your wands. [potion of mutation]
  1983 | D:4      | Lost mutation: You expend magic power (3 MP) to strengthen your wands. [potion of mutation]
  1983 | D:4      | Gained mutation: You are partially covered in iridescent scales. (AC +2) [potion of mutation]
  1984 | D:4      | HP: 1/45 [Edmund/flail of venom (5)]
  1987 | D:4      | Killed Edmund
  1987 | D:4      | Reached skill level 5 in Unarmed Combat
  1987 | D:4      | Reached XP level 5. HP: 7/53 MP: 4/4
  2335 | D:4      | Noticed an ogre
  2341 | D:4      | Killed an ogre
  2341 | D:4      | Reached XP level 6. HP: 43/62 MP: 5/5
  2552 | D:4      | Reached skill level 6 in Unarmed Combat
  2707 | D:4      | Found a bloodstained altar of Trog.
  3121 | D:4      | Reached XP level 7. HP: 70/70 MP: 6/6
  3196 | D:5      | Entered Level 5 of the Dungeon
  3219 | D:5      | Reached skill level 7 in Unarmed Combat
  3463 | D:5      | Found a staircase to the Ecumenical Temple.
  3474 | Temple   | Entered the Ecumenical Temple
  3501 | Temple   | Became a worshipper of Warmaster Okawaru
  3501 | Temple   | Reached * piety under Okawaru
  3501 | Temple   | Reached ** piety under Okawaru
  3702 | D:5      | Noticed Dowan
  3705 | D:5      | Noticed Duvessa
  3717 | D:5      | Killed Duvessa
  3720 | D:5      | Killed Dowan
  3720 | D:5      | Reached skill level 8 in Unarmed Combat
  3720 | D:5      | Reached skill level 1 in Invocations
  4164 | D:6      | Reached XP level 8. HP: 79/79 MP: 7/7
  4464 | D:6      | Found Ufuxufozxi's Book Boutique.
  4953 | D:7      | Found a bloodstained altar of Trog.
  5060 | D:7      | Noticed Joseph
  5061 | D:7      | Found Gebuesoo's Gadget Boutique.
  5072 | D:7      | Killed Joseph
  5072 | D:7      | Reached skill level 5 in Fighting
  5074 | D:7      | Reached skill level 9 in Unarmed Combat
  5215 | D:7      | Reached *** piety under Okawaru
  5691 | D:7      | Reached XP level 9. HP: 25/89 MP: 7/10
  6204 | D:7      | Reached skill level 10 in Unarmed Combat
  6594 | D:8      | Noticed a deep elf mage
  6600 | D:8      | Killed a deep elf mage
  6600 | D:8      | Reached **** piety under Okawaru
  6631 | D:8      | Reached skill level 11 in Unarmed Combat
  6809 | D:8      | Received a gift from Okawaru
  6907 | D:8      | Reached XP level 10. HP: 79/100 MP: 11/11
  7893 | D:9      | Reached skill level 5 in Dodging
  7893 | D:9      | Reached skill level 12 in Unarmed Combat
  8206 | D:10     | Entered Level 10 of the Dungeon
  8239 | D:10     | Noticed Grum
  8254 | D:10     | Received a gift from Okawaru
  8259 | D:10     | Killed Grum
  8312 | D:10     | Found Bigorur's Changing Room.
  8323 | D:10     | Bought a potion of mutation for 112 gold pieces
  8545 | D:10     | Found a staircase to the Orcish Mines.
  8614 | D:10     | Reached skill level 13 in Unarmed Combat
  8614 | D:10     | Reached XP level 11. HP: 111/111 MP: 11/13
  8666 | D:10     | Found a staircase to the Lair.
  8666 | D:10     | Noticed Tungsten's ghost (journeyman HaHu)
  8682 | D:10     | Killed Tungsten's ghost
  8682 | D:10     | Reached ***** piety under Okawaru
  8847 | Lair:1   | Entered Level 1 of the Lair of Beasts
  8854 | Lair:1   | Reached skill level 1 in Evocations
  8854 | Lair:1   | Reached XP level 12. HP: 122/122 MP: 14/14
  9156 | Lair:1   | Found a labyrinth entrance.
  9167 | Lab      | Entered a labyrinth
  9458 | Lab      | Noticed a minotaur
  9465 | Lab      | Killed a minotaur
  9465 | Lab      | Received a gift from Okawaru
  9466 | Lab      | Identified the Incunabulum of the Traveller and Weightlessness
  9467 | Lab      | Got a scintillating wooden ring
  9913 | Lair:1   | Identified the ring "Acsisa" {Ice +Fly} (You found it in a labyrinth)
  9914 | Lair:1   | Noticed a four-headed hydra
  9922 | Lair:1   | Killed a five-headed hydra
 10035 | Lair:1   | Learned a level 1 spell: Apportation
 10039 | Lair:1   | Learned a level 3 spell: Static Discharge
 10042 | Lair:1   | Learned a level 2 spell: Swiftness
 10475 | Lair:2   | Noticed a death yak
 10476 | Lair:2   | Noticed a death yak
 10476 | Lair:2   | Noticed a death yak
 10476 | Lair:2   | Noticed a death yak
 10476 | Lair:2   | Noticed a death yak
 10478 | Lair:2   | Noticed a death yak
 10478 | Lair:2   | Noticed a death yak
 10479 | Lair:2   | Noticed a death yak
 10483 | Lair:2   | Noticed a death yak
 10488 | Lair:2   | Killed a death yak
 10488 | Lair:2   | Reached skill level 5 in Evocations
 10490 | Lair:2   | Noticed a death yak
 10490 | Lair:2   | Killed a death yak
 10497 | Lair:2   | Killed a death yak
 10504 | Lair:2   | Killed a death yak
 10507 | Lair:2   | Killed a death yak
 10512 | Lair:2   | Killed a death yak
 10519 | Lair:2   | Noticed a death yak
 10522 | Lair:2   | Killed a death yak
 10543 | Lair:2   | Killed a death yak
 10558 | Lair:2   | Killed a death yak
 10565 | Lair:2   | Killed a death yak
 10565 | Lair:2   | Received a gift from Okawaru
 10567 | Lair:2   | Killed a death yak
 10900 | Lair:2   | Reached XP level 13. HP: 128/128 MP: 15/18
 11136 | Lair:2   | Reached skill level 14 in Unarmed Combat
 11443 | Lair:3   | Received a gift from Okawaru
 11472 | Lair:3   | Found a hole to the Spider Nest.
 11567 | Lair:3   | Found a staircase to the Swamp.
 11652 | Lair:3   | Found a frozen archway.
 11691 | IceCv    | Entered an ice cave
 12228 | IceCv    | Noticed a white draconian
 12268 | IceCv    | Killed a white draconian
 12268 | IceCv    | Reached skill level 15 in Unarmed Combat
 13402 | Lair:4   | Found a shimmering altar of Xom.
 13432 | Lair:4   | Received a gift from Okawaru
 13508 | Lair:4   | Reached skill level 1 in Throwing
 13545 | Lair:4   | Reached XP level 14. HP: 110/141 MP: 13/19
 13682 | Lair:5   | Noticed an entropy weaver
 13707 | Lair:5   | Killed an entropy weaver
 13801 | Lair:5   | Noticed an entropy weaver
 13809 | Lair:5   | Killed an entropy weaver
 13809 | Lair:5   | Received a gift from Okawaru
 13824 | Lair:5   | Identified a scroll of acquirement
 13876 | Lair:5   | Reached skill level 1 in Shields
 13934 | Lair:5   | Noticed Nessos
 13956 | Lair:5   | Killed Nessos
 14218 | Lair:5   | Reached skill level 5 in Shields
 15143 | Lair:5   | Got a translucent cloak
 15154 | Lair:5   | Identified the +2 cloak of Gallantry {rF++ rC+ Str+3} (You found it on level 5 of the Lair of Beasts)
 15177 | Lair:6   | Entered Level 6 of the Lair of Beasts
 15710 | Lair:6   | Received a gift from Okawaru
 15927 | Lair:6   | Reached XP level 15. HP: 46/149 MP: 14/20
 16078 | Lair:6   | Found a staircase to the Slime Pits.
 16078 | Lair:6   | Found a viscous altar of Jiyva.
 16804 | Lair:6   | Upgraded the game from 0.21-a0-171-g0f4a3b6 to 0.21-a0-176-gb3d4b37
 17049 | D:10     | Noticed Nergalle
 17058 | D:10     | Killed Nergalle
 17115 | D:10     | Reached skill level 10 in Shields
 17254 | D:10     | Noticed Gastronok
 17264 | D:10     | Killed Gastronok
 17328 | D:10     | Received a gift from Okawaru
 17395 | Orc:1    | Entered Level 1 of the Orcish Mines
 17774 | Orc:2    | Entered Level 2 of the Orcish Mines
 17811 | Orc:2    | Found Sugh's Assorted Antiques.
 17820 | Orc:2    | Reached skill level 5 in Throwing
 18289 | Orc:2    | Received a gift from Okawaru
 18362 | Orc:2    | Found Ibaewipn's Antique Armour Boutique.
 18362 | Orc:2    | Found Anusuji's Magic Scroll Boutique.
 18363 | Orc:2    | Found Soushrass's Assorted Antiques.
 18363 | Orc:2    | Found Vof Baun's Distillery.
 18390 | Orc:2    | Bought a scroll of identify for 66 gold pieces
 18392 | Orc:2    | Bought a potion of heal wounds for 90 gold pieces
 18392 | Orc:2    | Bought a potion of invisibility for 144 gold pieces
 18469 | Orc:2    | Bought a copper wand for 112 gold pieces
 18469 | Orc:2    | Bought a glowing blue potion for 25 gold pieces
 18511 | Orc:2    | Found a staircase to the Elven Halls.
 18724 | Orc:2    | Received a gift from Okawaru
 19770 | D:12     | Noticed Maurice
 19829 | D:12     | Killed Maurice
 19991 | D:12     | Found a blossoming altar of Fedhas.
 20773 | D:13     | Reached XP level 16. HP: 134/158 MP: 22/22
 20776 | D:13     | Received a gift from Okawaru
 21029 | D:13     | Noticed Sonja
 21031 | D:13     | Reached skill level 10 in Evocations
 21046 | D:13     | Killed Sonja
 21192 | D:13     | Received a gift from Okawaru
 21894 | D:14     | Reached skill level 10 in Fighting
 22335 | D:14     | Found a gate to the Vaults.
 22426 | D:14     | Found Ceuming's Elemental Accessories.
 22454 | D:14     | Bought a fan of gales for 680 gold pieces
 22486 | D:14     | Noticed Roxanne
 22511 | D:15     | Entered Level 15 of the Dungeon
 22524 | D:15     | Reached skill level 16 in Unarmed Combat
 22727 | D:15     | Received a gift from Okawaru
 23085 | D:15     | Found a staircase to the Depths.
 23453 | D:15     | Received a gift from Okawaru
 24459 | Orc:2    | Bought 3 scrolls of enchant armour for 270 gold pieces
 24740 | Depths:1 | Entered Level 1 of the Depths
 24759 | Depths:1 | Reached skill level 1 in Armour
 24772 | Depths:1 | Received a gift from Okawaru
 24884 | Depths:1 | Found a gateway to Hell.
 25004 | Depths:1 | Reached XP level 17. HP: 167/170 MP: 23/23
 25442 | Depths:1 | Noticed Mara
 25466 | Depths:1 | Killed Mara
 26309 | Depths:2 | Received a gift from Okawaru
 26311 | Depths:2 | Reached skill level 5 in Armour
 26475 | Depths:2 | Found a bloodstained altar of Trog.
 26725 | Depths:2 | Noticed a golden dragon
 26739 | Depths:2 | Killed a golden dragon
 26739 | Depths:2 | Received a gift from Okawaru
 26838 | Depths:2 | Got scorched steam dragon scales {god gift}
 26839 | Depths:2 | Identified the +1 steam dragon scales of Wuhih {+Fly MR++ Stlth+} (Okawaru gifted it to you on level 2 of the Depths)
 26946 | Depths:2 | Reached XP level 18. HP: 82/185 MP: 21/24
 27109 | Depths:2 | Noticed Asterion
 27115 | Depths:2 | Noticed a golden dragon
 27122 | Depths:2 | Killed Asterion
 27222 | Depths:2 | Killed a golden dragon
 27316 | Depths:2 | Got a warped pewter ring
 27427 | Depths:2 | Received a gift from Okawaru
 27527 | Depths:2 | Found a basalt altar of Yredelemnul.
 27623 | Depths:2 | Identified the ring of Ynkerudd {rElec Str+4 Int+2 Dex+5} (You took it off a tengu warrior on level 2 of the Depths)
 27628 | Depths:2 | Got a fine scarf
 27629 | Depths:2 | Identified the scarf of the Heron {rC++} (You acquired it on level 2 of the Depths)
 27642 | Depths:2 | Found a glowing silver altar of Zin.
 27642 | Depths:2 | Found a one-way gate leading to the halls of Pandemonium.
 27700 | Depths:2 | Received a gift from Okawaru
 27968 | Depths:2 | Found an ornate altar of the Wu Jian Council.
 27969 | Depths:2 | Found a one-way gate to the infinite horrors of the Abyss.
 28432 | Spider:1 | Entered Level 1 of the Spider Nest
 28510 | Spider:1 | Reached skill level 15 in Fighting
 28791 | Spider:1 | Upgraded the game from 0.21-a0-176-gb3d4b37 to 0.21-a0-178-g0b87683
 28831 | Spider:1 | Reached skill level 10 in Armour
 29336 | Spider:1 | Received a gift from Okawaru
 29511 | Spider:1 | Received a gift from Okawaru
 30071 | Spider:2 | Noticed Aizul
 30089 | Spider:2 | Killed Aizul
 30095 | Spider:2 | Reached XP level 19. HP: 172/204 MP: 18/25
 30117 | Spider:2 | Received a gift from Okawaru
 30819 | Spider:2 | Received a gift from Okawaru
 31138 | Spider:3 | Reached ****** piety under Okawaru
 31154 | Spider:3 | Received a gift from Okawaru
 31438 | Spider:4 | Entered Level 4 of the Spider Nest
 31457 | Spider:4 | Received a gift from Okawaru
 31573 | Spider:4 | Received a gift from Okawaru
 31680 | Spider:4 | Reached skill level 17 in Unarmed Combat
 31811 | Spider:4 | Noticed Arachne
 31829 | Spider:4 | Killed Arachne
 31869 | Spider:4 | HP: 15/309 [poisoned by a ghost moth]
 31871 | Spider:4 | HP: 7/309 [poisoned by a ghost moth]
 31872 | Spider:4 | HP: 3/309 [poisoned by a ghost moth]
 31873 | Spider:4 | Succumbed to a ghost moth's poison

Vault maps used:
D:1:      minmay_arrival_four_houses, minmay_split_cup_large
D:3:      nicolae_qazlal_style_of_elements
D:4:      trog_hazing_becter, uniq_edmund
D:5:      minmay_temple_entry_nine_rooms, first_bread, uniq_duvessa
D:6:      serial_shops, shop
D:7:      statuecave_lemuel, lemuel_crystal_altar, serial_shops,
          nicolae_shop_waterfront, uniq_joseph
D:8:      st_stairs_3, hangedman_pestilent_swarm
D:10:     lair_entry_dummy, david_orc_1_choice, nicolae_transmutations_shop,
          uniq_nergalle, uniq_gastronok, uniq_grum
D:11:     st_stairs_6
D:12:     fedhas_altar_2, uniq_maurice
D:13:     uniq_sonja
D:14:     david_vaults_5, infiniplex_staircase_star, nicolae_elemental_shop,
          uniq_roxanne
D:15:     grunt_enter_depths_hoard, fountainhead
Temple:   grunt_wide_crystal_templ
Lair:1:   lab_entry_generic, small_statue_intersection
Lair:3:   swamp_mist, spider_nest_entry_web_field, portal_ice_cave_entry_imps
Lair:4:   basic_altar, st_stairs_4, serial_bayou_pond_c
Lair:5:   minivault_29, minmay_lair_oklob_chamber, uniq_nessos
Lair:6:   minmay_lair_end_frog_pond, slime_altar_1
Spider:1: nicolae_spider_nook
Spider:2: uniq_aizul
Spider:4: johnstein_spider_rune_arachne_lair, hangedman_spider_tarantella_strand
Orc:1:    special_room, nooodl_orcs_dogs, uniq_erolcha
Orc:2:    st_orc_pillars, serial_shops, shop
Depths:1: eino_curves_04, serial_column_ruins, column_ruins_hut,
          column_ruins_open_tiny, column_ruins_open_small,
          column_ruins_columns_dead_end, column_ruins_open_tiny, hell_entry,
          lightli_fourway_metalbox, serial_bayou_shore_b, uniq_mara
Depths:2: grunt_profane_halls, pan_entry, serial_shops, abyss_entry, hell_entry,
          uniq_asterion, uniq_sojobo
Lab:      labyrinth_hidden_loot, labyrinth_skeletal_remains
IceCv:    ice_cave_caverns_02

Skill      XL: |  1  2  3  4  5  6  7  8  9 10 11 12 13 14 15 16 17 18 19 |
---------------+----------------------------------------------------------+-----
Unarmed Combat | 4 5 6 8 9 11 13 15 16 17 | 17.2
Fighting       | 3 4 5 6 8 9 11 13 15 16 | 16.9
Invocations    | 1 2 4 |  4.5
Dodging        | 4 6 8 |  8.2
Evocations     | 1 8 9 10 | 10.2
Throwing       | 1 4 7 8 |  8.3
Shields        | 8 10 | 10.6
Armour         | 1 7 10 11 | 11.2
Stealth        | |  1.0

Action                   |  1- 3 |  4- 6 |  7- 9 | 10-12 | 13-15 | 16-18 | 19-21 || total
-------------------------+-------+-------+-------+-------+-------+-------+-------++-------
Melee: Unarmed           |   121 |   102 |   225 |   333 |  1531 |  1451 |   351 ||  4114
       Punch             |     1 |     2 |    11 |    18 |    51 |       |       ||    83
Throw: Tomahawk          |       |     3 |       |     1 |     3 |       |       ||     7
       Large rock        |       |       |       |       |    15 |    31 |    20 ||    66
Invok: Heroism           |       |       |     3 |    15 |    60 |    56 |     9 ||   143
       Finesse           |       |       |       |     2 |    11 |    13 |     3 ||    29
Evoke: Wand              |       |       |     1 |     4 |    11 |     1 |     5 ||    22
       Lamp of fire      |       |       |       |     1 |     2 |       |     1 ||     4
       Box of beasts     |       |       |       |       |     1 |     1 |       ||     2
       Sack of spiders   |       |       |       |       |       |     1 |     1 ||     2
       Fan of gales      |       |       |       |       |       |       |     1 ||     1
  Use: Scroll            |     4 |     3 |     1 |    15 |    18 |    20 |     9 ||    70
       Potion            |       |     4 |       |     2 |     4 |    21 |     8 ||    39
 Stab: Sleeping          |     3 |       |     3 |     6 |     4 |     1 |       ||    17
       Distracted        |       |       |       |     2 |     2 |     1 |     1 ||     6
       Invisible         |       |       |       |    10 |       |       |       ||    10
       Paralysed         |       |       |       |     1 |     2 |     2 |       ||     5
  Eat: Chunk             |    19 |     6 |    46 |    28 |    68 |    66 |     9 ||   242
       Bread ration      |       |     1 |       |     2 |     3 |     5 |       ||    11
       Meat ration       |       |       |       |       |       |       |     2 ||     2
Armor: Robe              |    50 |    37 |    70 |   114 |   275 |    40 |       ||   586
       Ice dragon scales |       |       |       |       |       |   313 |   169 ||   482
Dodge: Dodged            |    80 |    61 |   123 |   190 |   656 |   434 |   229 ||  1773
Block: Large shield      |       |       |       |       |   910 |  1295 |   444 ||  2649
